PA
MANCELONA TORCH @ GRIM REAPERS
08/24/2023
 
TOP OF THE 1ST
Mancelona Torch batting - Pitching for Grim Reapers : LHP Jim Unknown
Pitching: LHP Jim Unknown
Batting: RHB Ron Thomas 0-0: Ball
1-0: Foul Ball, location: 2F
1-1: Ball
2-1: Ball
3-1: Called Strike
3-2: Ground out 5-3 (Groundball, 5S)
Batting: LHB Manuel Carmona 0-0: SOLO HOME RUN (Flyball, 9D), Distance : 375 ft
Batting: RHB Ricardo Cardenas 0-0: Swinging Strike
0-1: SOLO HOME RUN (Flyball, 78XD), Distance : 414 ft
Batting: RHB Juan Carlos Cruz 0-0: Fly out, F6 (Popup, 8RS)
Batting: RHB Jim Unknown 0-0: Ball
1-0: Fly out, F3 (Popup, 3L)
Top of the 1st over - 2 run(s), 2 hit(s), 0 error(s), 0 left on base; Mancelona 2 - Grim 0
BOTTOM OF THE 1ST
Grim Reapers batting - Pitching for Mancelona Torch : RHP Valentín Robles
Pitching: RHP Valentín Robles
Batting: RHB Alberto Rodríguez 0-0: Foul Ball, location: 2F
0-1: Ball
1-1: Swinging Strike
1-2: Strikes out swinging
Batting: LHB Alberto Arredondo 0-0: Ball
1-0: Ball
2-0: Called Strike
2-1: Ground out U3 (Groundball, 3)
Batting: RHB Bill Allen 0-0: Ball
1-0: Swinging Strike
1-1: Foul Ball, location: 2F
1-2: Strikes out swinging
Bottom of the 1st over - 0 run(s), 0 hit(s), 0 error(s), 0 left on base; Mancelona 2 - Grim 0
TOP OF THE 2ND
Mancelona Torch batting - Pitching for Grim Reapers : LHP Jim Unknown
Batting: RHB Jim Unknown 0-0: Swinging Strike
0-1: Ball
1-1: Ball
2-1: Swinging Strike
2-2: Strikes out looking
Batting: RHB Juan Báez 0-0: Called Strike
0-1: SINGLE (Popup, 8RS)
Batting: RHB Bert Cook 0-0: Ball
1-0: Foul Ball, location: 2F
1-1: SINGLE (Line Drive, 6D)
Juan Báez to second
Batting: SHB Jim Unknown 0-0: Ball
1-0: Ball
2-0: Ball
Juan Báez steals 3rd base
Bert Cook to second
3-0: Base on Balls
Batting: RHB Ron Thomas 0-0: Swinging Strike
0-1: Ball
1-1: Foul Ball, location: 2F
1-2: Foul Ball, location: 2F
1-2: Grounds into double play, 6-4-3 (Groundball, 6M)
Top of the 2nd over - 0 run(s), 2 hit(s), 0 error(s), 2 left on base; Mancelona 2 - Grim 0
BOTTOM OF THE 2ND
Grim Reapers batting - Pitching for Mancelona Torch : RHP Valentín Robles
Batting: RHB Sean Godron 0-0: Foul Ball, location: 2F
0-1: Ball
1-1: Ground out 6-3 (Groundball, 6)
Batting: RHB Raúl Moreno 0-0: Ball
1-0: Ground out 5-3 (Groundball, 5S)
Batting: RHB Jules Winnfield 0-0: Foul Ball, location: 2F
0-1: Ball
1-1: Fly out, F8 (Flyball, 8RD)
Bottom of the 2nd over - 0 run(s), 0 hit(s), 0 error(s), 0 left on base; Mancelona 2 - Grim 0
TOP OF THE 3RD
Mancelona Torch batting - Pitching for Grim Reapers : LHP Jim Unknown
Batting: LHB Manuel Carmona 0-0: Hit by Pitch
Batting: RHB Ricardo Cardenas 0-0: Swinging Strike
0-1: Ball
1-1: Grounds into double play, 1-4-3 (Groundball, 15)
Batting: RHB Juan Carlos Cruz 0-0: Ball
1-0: Fly out, F8 (Flyball, 8RXD)
Top of the 3rd over - 0 run(s), 0 hit(s), 0 error(s), 0 left on base; Mancelona 2 - Grim 0
BOTTOM OF THE 3RD
Grim Reapers batting - Pitching for Mancelona Torch : RHP Valentín Robles
Batting: LHB Edgardo Díaz 0-0: Fly out, F8 (Flyball, 8LM)
Batting: LHB Jesús Morales 0-0: Called Strike
0-1: Fly out, F6 (Popup, 6D)
Batting: RHB Santo Alba 0-0: Ball
1-0: Foul Ball, location: 2F
1-1: Called Strike
1-2: Strikes out swinging
Bottom of the 3rd over - 0 run(s), 0 hit(s), 0 error(s), 0 left on base; Mancelona 2 - Grim 0
TOP OF THE 4TH
Mancelona Torch batting - Pitching for Grim Reapers : LHP Jim Unknown
Batting: RHB Jim Unknown 0-0: Called Strike
0-1: Ball
1-1: Called Strike
1-2: Ball
2-2: Strikes out swinging
Batting: RHB Jim Unknown 0-0: Foul Ball, location: 2F
0-1: Ball
1-1: Foul Ball, location: 2F
1-2: Strikes out swinging
Batting: RHB Juan Báez 0-0: Called Strike
0-1: Ball
1-1: Swinging Strike
1-2: Strikes out swinging
Top of the 4th over - 0 run(s), 0 hit(s), 0 error(s), 0 left on base; Mancelona 2 - Grim 0
BOTTOM OF THE 4TH
Grim Reapers batting - Pitching for Mancelona Torch : RHP Valentín Robles
Batting: RHB Alberto Rodríguez 0-0: Called Strike
0-1: Foul Ball, location: 2F
0-2: Strikes out looking
Batting: LHB Alberto Arredondo 0-0: Ground out U3 (Groundball, 3L)
Batting: RHB Bill Allen 0-0: Ball
1-0: Ball
2-0: Called Strike
2-1: Ball
3-1: Foul Ball, location: 2F
3-2: Base on Balls
Batting: RHB Sean Godron 0-0: Ball
1-0: Foul Ball, location: 2F
1-1: Foul Ball, location: 2F
1-2: Fly out, F9 (Flyball, 9M)
Bottom of the 4th over - 0 run(s), 0 hit(s), 0 error(s), 1 left on base; Mancelona 2 - Grim 0
TOP OF THE 5TH
Mancelona Torch batting - Pitching for Grim Reapers : LHP Jim Unknown
Batting: RHB Bert Cook 0-0: Called Strike
0-1: Ball
1-1: Bunted foul
1-2: Ball
2-2: Foul Ball, location: 2F
2-2: Ball
3-2: Base on Balls
Batting: SHB Jim Unknown 0-0: Ball
1-0: Sac Bunt - play at first, batter OUT! 3-4
Bert Cook to second
Batting: RHB Ron Thomas 0-0: Called Strike
0-1: Ball
1-1: Ball
2-1: Swinging Strike
2-2: Strikes out looking
Batting: LHB Manuel Carmona 0-0: Foul Ball, location: 2F
0-1: Ball
1-1: Ground out 4-3 (Groundball, 4)
Top of the 5th over - 0 run(s), 0 hit(s), 0 error(s), 1 left on base; Mancelona 2 - Grim 0
BOTTOM OF THE 5TH
Grim Reapers batting - Pitching for Mancelona Torch : RHP Valentín Robles
Batting: RHB Raúl Moreno 0-0: Called Strike
0-1: DOUBLE (Line Drive, 7LM)
Batting: RHB Jules Winnfield 0-0: Ground out 1-3 (Groundball, 15)
Batting: LHB Edgardo Díaz 0-0: Swinging Strike
0-1: SINGLE (Groundball, 34)
Raúl Moreno to third
Runner from 3rd tries for Home, SAFE, throw made home
Batting: LHB Jesús Morales 0-0: Called Strike
0-1: Ball
1-1: Ball
2-1: Ball
3-1: Swinging Strike
3-2: Strikes out swinging
Batting: RHB Santo Alba 0-0: Called Strike
0-1: Swinging Strike
0-2: Strikes out looking
Bottom of the 5th over - 1 run(s), 2 hit(s), 0 error(s), 1 left on base; Mancelona 2 - Grim 1
TOP OF THE 6TH
Mancelona Torch batting - Pitching for Grim Reapers : LHP Jim Unknown
Batting: RHB Ricardo Cardenas 0-0: SINGLE (Line Drive, 6M)
Batting: RHB Juan Carlos Cruz 0-0: Ball
1-0: Ball
2-0: Grounds into double play, 4-6-3 (Groundball, 4)
Batting: RHB Jim Unknown 0-0: Called Strike
0-1: Foul Ball, location: 2F
0-2: Ball
1-2: Ball
2-2: Foul Ball, location: 2F
2-2: Ball
3-2: Foul Ball, location: 2F
3-2: Strikes out looking
Top of the 6th over - 0 run(s), 1 hit(s), 0 error(s), 0 left on base; Mancelona 2 - Grim 1
BOTTOM OF THE 6TH
Grim Reapers batting - Pitching for Mancelona Torch : RHP Valentín Robles
Batting: RHB Alberto Rodríguez 0-0: Ball
1-0: Ground out 6-3 (Groundball, 6M)
Batting: LHB Alberto Arredondo 0-0: Foul Ball, location: 2F
0-1: Foul Ball, location: 2F
0-2: Strikes out swinging
Batting: RHB Bill Allen 0-0: Swinging Strike
0-1: Ground out 5-3 (Groundball, 56)
Bottom of the 6th over - 0 run(s), 0 hit(s), 0 error(s), 0 left on base; Mancelona 2 - Grim 1
TOP OF THE 7TH
Mancelona Torch batting - Pitching for Grim Reapers : LHP Jim Unknown
Batting: RHB Jim Unknown 0-0: Ball
1-0: Fly out, F8 (Flyball, 8LS)
Batting: RHB Juan Báez 0-0: Called Strike
0-1: Ball
1-1: Ball
2-1: Called Strike
2-2: Ball
3-2: Strikes out swinging
Batting: RHB Bert Cook 0-0: Called Strike
0-1: Ball
1-1: Swinging Strike
1-2: Strikes out swinging
Top of the 7th over - 0 run(s), 0 hit(s), 0 error(s), 0 left on base; Mancelona 2 - Grim 1
BOTTOM OF THE 7TH
Grim Reapers batting - Pitching for Mancelona Torch : RHP Valentín Robles
Batting: RHB Sean Godron 0-0: Hit by Pitch
Batting: RHB Raúl Moreno 0-0: Ball
1-0: Fly out, F7 (Flyball, 7M)
Pinch Hitting: RHB Blair Sweeny 0-0: Ball
Sean Godron is caught stealing 2nd base
1-0: Ball
2-0: Foul Ball, location: 2F
2-1: Foul Ball, location: 2F
2-2: Ball
3-2: Foul Ball, location: 2F
3-2: Strikes out swinging
Bottom of the 7th over - 0 run(s), 0 hit(s), 0 error(s), 0 left on base; Mancelona 2 - Grim 1
TOP OF THE 8TH
Mancelona Torch batting - Pitching for Grim Reapers : LHP Jim Unknown
Now at SS: Aurelio Collazo
Batting: SHB Jim Unknown 0-0: Ball
1-0: Ball
2-0: Foul Ball, location: 2F
2-1: Ball
3-1: Called Strike
3-2: Base on Balls
Batting: RHB Ron Thomas 0-0: Ball
1-0: Ball
2-0: Foul Ball, location: 2F
2-1: Ball
Wild Pitch!
Jim Unknown to second
3-1: Base on Balls
Batting: LHB Manuel Carmona 0-0: Sac Bunt - play at first, batter OUT! 1-4
Jim Unknown to third
Ron Thomas to second
Pinch Hitting: RHB Henry Lambright 0-0: Hit by Pitch
Batting: RHB Juan Carlos Cruz 0-0: Swinging Strike
0-1: Ball
1-1: Called Strike
1-2: Ball
2-2: Ball
3-2: Foul Ball, location: 2F
3-2: Strikes out swinging
Batting: RHB Jim Unknown 0-0: Called Strike
0-1: Ground out 5-3 (Groundball, 5S)
Top of the 8th over - 0 run(s), 0 hit(s), 0 error(s), 3 left on base; Mancelona 2 - Grim 1
BOTTOM OF THE 8TH
Grim Reapers batting - Pitching for Mancelona Torch : RHP Valentín Robles
Now at SS: Jorge Saldaña
Batting: LHB Edgardo Díaz 0-0: Ball
1-0: Swinging Strike
1-1: Ball
2-1: Swinging Strike
2-2: Strikes out swinging
Batting: LHB Jesús Morales 0-0: Called Strike
0-1: Ground out 1-3 (Groundball, 3S)
Batting: RHB Santo Alba 0-0: Foul Ball, location: 2F
0-1: Hit by Pitch
Pinch Hitting: LHB León Torres 0-0: Ball
1-0: Swinging Strike
1-1: Foul Ball, location: 2F
1-2: Foul Ball, location: 2F
1-2: Strikes out swinging
Bottom of the 8th over - 0 run(s), 0 hit(s), 0 error(s), 1 left on base; Mancelona 2 - Grim 1
TOP OF THE 9TH
Mancelona Torch batting - Pitching for Grim Reapers : LHP Jim Unknown
Pitching: RHP Jim Unknown
Now at 3B: León Torres
Batting: RHB Jim Unknown 0-0: Ball
1-0: Foul Ball, location: 2F
1-1: Ball
2-1: Swinging Strike
2-2: Ball
3-2: SINGLE (Line Drive, 6MD)
Pitching: RHP Daryl Thomas
Batting: RHB Juan Báez 0-0: Grounds into double play, 6-4-3 (Groundball, 6M)
Batting: RHB Bert Cook 0-0: SINGLE (Line Drive, 6MD)
Batting: SHB Jim Unknown 0-0: Called Strike
0-1: Ball
1-1: Ground out U3 (Groundball, 3S)
Top of the 9th over - 0 run(s), 2 hit(s), 0 error(s), 1 left on base; Mancelona 2 - Grim 1
BOTTOM OF THE 9TH
Grim Reapers batting - Pitching for Mancelona Torch : RHP Valentín Robles
Pitching: RHP Jim Unknown
Batting: LHB Alberto Arredondo 0-0: Called Strike
0-1: Called Strike
0-2: Ball
1-2: DOUBLE (Flyball, 89D)
Batting: RHB Bill Allen 0-0: Ball
1-0: Ball
2-0: Called Strike
2-1: Called Strike
2-2: Strikes out swinging
Batting: RHB Sean Godron 0-0: Swinging Strike
0-1: Foul Ball, location: 2F
0-2: Strikes out swinging
Pinch Hitting: LHB Jim Unknown 0-0: Swinging Strike
0-1: Ball
1-1: Ball
2-1: Swinging Strike
2-2: Strikes out swinging
Bottom of the 9th over - 0 run(s), 1 hit(s), 0 error(s), 1 left on base; Mancelona 2 - Grim 1
This league is powered by Out of the Park Baseball, the baseball management simulation game for PC, Mac and Linux
Friday, July 8th, 2016 - OOTP Baseball 16.9 Build 39